 Dungeon Crawl Stone Soup version 0.20-a0-268-gb6bde61 (webtiles) character file.

212 tbh1313 the Sneak (level 5, -2/24 HPs)
             Began as a Spriggan Enchanter on Dec 7, 2016.
             Slain by an orc
             ... wielding a +1 flail of protection
              (7 damage)
             ... on level 3 of the Dungeon.
             The game lasted 00:06:43 (1988 turns).

tbh1313 the Sneak (Spriggan Enchanter)              Turns: 1988, Time: 00:06:44

Health: -2/24      AC:  3    Str:  9    XL:     5   Next: 58%
Magic:  7/10       EV: 18    Int: 17    God:
Gold:   144        SH:  0    Dex: 17    Spells: 3/9 levels left

rFire  . . .     SeeInvis +     a - +1 dagger
rCold  . . .     Gourm    .     b - +1 robe
rNeg   . . .     Faith    .     (shield restricted)
rPois  .         Spirit   .     (helmet restricted)
rElec  .         Reflect  .     (no cloak)
rCorr  .         Harm     .     (gloves unavailable)
MR     .....                    (boots unavailable)
Stlth  ++++......               (no amulet)
                                (no ring)
                                n - +5 ring of strength

@: very quick
A: unfitting armour, see invisible, herbivore 3, speed 3, slow metabolism 2
a: no special abilities


You were on level 3 of the Dungeon.
You were not hungry.

You visited 1 branch of the dungeon, and saw 3 of its levels.

You collected 144 gold pieces.


Innate Abilities, Weirdness & Mutations

You are very small and have problems with some larger weapons.
You are too small for most types of armour.
You have supernaturally acute eyesight. (SInv)
You are a herbivore.
You cover ground extremely quickly.
You need consume almost no food.


   Skills:
 + Level 4.3 Short Blades
 - Level 3.0 Dodging
 + Level 7.6 Stealth
 - Level 2.6 Spellcasting
 - Level 3.6 Hexes


You had 3 spell levels left.
You knew the following spells:

 Your Spells              Type           Power        Failure   Level  Hunger
a - Corona                Hex            ##.....      4%          1    #......
b - Ensorcelled Hibernat  Hex/Ice        #.....       17%         2    ##.....
c - Confuse               Hex            ##......     14%         3    ###....


Dungeon Overview and Level Annotations

Branches:
Dungeon (3/15)

Altars:

Inventory:

Hand Weapons
 a - a +1 dagger (weapon)
Armour
 b - a +1 robe (worn)
Jewellery
 n - a +5 ring of strength (left hand)
Scrolls
 f - a scroll of fear {unknown}
 h - 2 scrolls of remove curse {unknown}
 i - 2 scrolls of recharging {unknown}
 k - a scroll of random uselessness {unknown}
 l - 2 scrolls of teleportation {unknown}
 m - a scroll of enchant weapon {unknown}
 o - a scroll of amnesia {unknown}
 r - a scroll of magic mapping {unknown}
Potions
 e - a potion of curing {unknown}
 g - 2 potions of degeneration {unknown}
 p - a potion of flight {unknown}
 q - a potion of heal wounds {unknown}
 s - a potion of haste {unknown}
 t - a potion of lignification {unknown}
Books
 c - a book of Maledictions
Comestibles
 d - 2 bread rations
 j - a royal jelly

..####.###.#.#...#..#....#
.. ....##.#.#.#.#.......+
.. .....##[#.###.#.......#
..#.#.#..........#.......#
#.#. ...###..........#
##.#.#......++#.
........#...#.#
#.#...oog.##.#
#..#@#.....# #..#.##ooo.#
#######....+ #.)o.# #....#
#....# #....# #....#
######


You could see 2 orcs and a hobgoblin.


Message History

Things that are here:
a flail; a dagger; a kobold corpse The orc shouts!
You hit the orc.
The orc is lightly wounded.
The orc completely misses you. x2
You closely miss the orc.
The orc is severely wounded.
You hit the orc but do no damage.
The orc is severely wounded.
The orc closely misses you. The orc misses you.
You barely miss the orc.
The orc is severely wounded.
The orc completely misses you. The orc hits you but does no damage.
You hit the orc.
The orc is severely wounded.
You hit the orc.
You kill the orc!
The orc misses you.
You hit the orc but do no damage. The orc closely misses you.
The orc barely misses you.
You hit the orc.
The orc is lightly wounded.
You hit the orc but do no damage.
The orc is lightly wounded.
The orc misses you. x2
You hit the orc.
The orc is moderately wounded.
You closely miss the orc.
The orc is moderately wounded.
The orc misses you. The orc barely misses you.
You hit the orc but do no damage.
The orc is moderately wounded.
The orc closely misses you. The orc barely misses you.
You barely miss the orc.
The orc is moderately wounded.
You hit the orc but do no damage.
The orc is moderately wounded.
The orc closely misses you. The orc barely misses you.
You hit the orc but do no damage.
The orc is moderately wounded.
The orc closely misses you. x2
You hit the orc.
The orc is severely wounded.
You closely miss the orc.
The orc is severely wounded.
The orc barely misses you. The orc misses you.
You hit the orc.
The orc is almost dead.
The orc hits you with a flail!
* * * LOW HITPOINT WARNING * * *
The orc closely misses you.
You closely miss the orc.
The orc is severely wounded.
Casting: Ensorcelled Hibernation
Confirm with . or Enter, or press ? or * to list all spells.
Aiming: Ensorcelled Hibernation
Press: ? - help, Shift-Dir - straight line, f - orc
Aim: an orc, wielding a flail (lightly wounded, chance to defeat MR: 57%)
Okay, then.
Casting: Ensorcelled Hibernation
Confirm with . or Enter, or press ? or * to list all spells.
Aiming: Confuse
Press: ? - help, Shift-Dir - straight line, f - orc
Aim: an orc, wielding a flail (lightly wounded, chance to defeat MR: 62%)
The orc resists with significant effort.
The orc hits you with a flail!
* * * LOW HITPOINT WARNING * * *
The orc hits you with a flail of protection!
You die...

Vault maps used:
D:1:      roderic_crop_circles_arrival_large, solitary_fountain
D:2:      uniq_iyjb
D:3:      chequers_ecumenical_altar_lobes, cheibriados_altar_wand_db,
          uniq_terence

Notes
Turn   | Place    | Note
-------+----------+-------------------------------------------
     0 | D:1      | tbh1313 the Spriggan Enchanter began the quest for the Orb.
     0 | D:1      | Reached XP level 1. HP: 9/9 MP: 5/5
   316 | D:1      | Reached skill level 5 in Stealth
   316 | D:1      | Reached XP level 2. HP: 10/13 MP: 6/6
   677 | D:1      | Learned a level 2 spell: Ensorcelled Hibernation
   903 | D:2      | Reached skill level 2 in Short Blades
  1104 | D:2      | Noticed Ijyb
  1111 | D:2      | Killed Ijyb
  1111 | D:2      | Reached XP level 3. HP: 15/16 MP: 5/8
  1116 | D:2      | Learned a level 3 spell: Confuse
  1154 | D:2      | Reached skill level 6 in Stealth
  1198 | D:2      | Reached skill level 3 in Short Blades
  1198 | D:2      | Reached XP level 4. HP: 14/21 MP: 2/9
  1511 | D:3      | Noticed Terence
  1519 | D:3      | Killed Terence
  1675 | D:3      | Noticed tbh1313's ghost (amateur SpEn)
  1784 | D:3      | Killed tbh1313's ghost
  1784 | D:3      | Reached skill level 4 in Short Blades
  1784 | D:3      | Reached skill level 7 in Stealth
  1784 | D:3      | Reached XP level 5. HP: 12/24 MP: 1/10
  1988 | D:3      | HP: 5/24 [orc/flail (7)]
  1988 | D:3      | Slain by an orc

Vanquished Creatures
  The ghost of tbh1313 the Sneak, an amateur SpEn (D:3)
  An orc wizard (D:3)
  Ijyb (D:2)
  Terence (D:3)
  3 adders
  2 oozes
  A worm (D:3)
  2 leopard geckos
  2 orcs (D:3)
  A giant cockroach (D:2)
  2 goblins
  4 hobgoblins
  A quokka (D:3)
  3 bats
  3 frilled lizards
  7 kobolds
  2 rats (D:2)
37 creatures vanquished.

Action                   |  1- 3 |  4- 6 || total
-------------------------+-------+-------++-------
Melee: Dagger            |    97 |    75 ||   172
 Cast: Ensorcelled Hiber |     3 |     7 ||    10
       Confuse           |     1 |     4 ||     5
 Stab: Sleeping          |     7 |     5 ||    12
       Confused          |       |     1 ||     1
Armor: Robe              |    14 |     6 ||    20
Dodge: Dodged            |    68 |    72 ||   140
